 Dungeon Crawl Stone Soup version 0.28.0-53-g5a82cb258f (webtiles) character file.

Game seed: 15437308863892502574

247 Descartes the Covert (level 6, -2/42 HPs)
             Began as an Octopode Delver on June 22, 2022.
             Succumbed to a scorpion's poison
             ... on level 4 of the Dungeon.
             The game lasted 00:05:52 (3305 turns).

Descartes the Covert (Octopode Delver)              Turns: 3305, Time: 00:05:52

Health: -2/42      AC:  1    Str: 11    XL:     6   Next: 11%
Magic:  6/6        EV: 14    Int: 12    God:
Gold:   102        SH:  0    Dex: 16    Spells: 5/5 levels left

rFire   . . .      SeeInvis .   a - +0 short sword
rCold   . . .      Faith    .   (no shield)
rNeg    . . .      Spirit   .   (helmet restricted)
rPois   .          Reflect  .   (no amulet)
rElec   .          Harm     .   t - ring of wizardry
rCorr   .          Rampage  .   (no ring)
Will    .....                   (no ring)
Stlth   +++++.....              (no ring)
HPRegen 0.14/turn               (no ring)
MPRegen 0.10/turn               (no ring)
                                (no ring)
                                (no ring)

@: lethally poisoned (-2 -> -24), hasted, very quick
A: almost no armour, amphibious, 8 rings, camouflage 1, gelatinous body 1,
(nimble swimmer 1), tentacles
a: no special abilities


You were on level 4 of the Dungeon.
You visited 1 branch of the dungeon, and saw 5 of its levels.

You collected 102 gold pieces.

Inventory:

Hand Weapons
 a - a +0 short sword (weapon)
Missiles
 k - 3 silver boomerangs (quivered)
 m - 132 stones
 q - 14 arrows
Jewellery
 t - a ring of wizardry (left tentacle)
Wands
 f - a wand of digging (3)
 n - a wand of paralysis (12)
Scrolls
 b - a scroll of fog
 c - a scroll of magic mapping
 d - a scroll of fear
 h - 4 scrolls of identify {unknown}
 o - a scroll of enchant armour {unknown}
 s - 3 scrolls of teleportation {unknown}
Potions
 g - a potion of cancellation {unknown}
 i - a potion of degeneration {unknown}
 j - 2 potions of berserk rage {unknown}
 l - 2 potions of heal wounds
 p - a potion of resistance {unknown}
 r - 2 potions of brilliance {unknown}


   Skills:
 - Level 3.0 Fighting
 + Level 3.9 Short Blades
 + Level 3.9 Dodging
 + Level 8.2 Stealth


You had 5 spell levels left.
You didn't know any spells.
Your spell library contained the following spells:

 Spells                   Type           Power      Damage    Failure   Level
 Ensorcelled Hibernation  Hex/Ice        0%         N/A       21%         2
 Spider Form              Tmut/Pois      0%         N/A       36%         3
 Anguish                  Hex/Necr       0%         N/A       75%         4


Dungeon Overview and Level Annotations

Branches:
Dungeon (5/15)
 Temple: D:4-7

Altars:
Fedhas
Nemelex Xobeh
Qazlal
Ru
Uskayaw
Yredelemnul

Annotations:
D:3 exclusion: oklob plant


Innate Abilities, Weirdness & Mutations

You cannot wear most types of armour.
You are amphibious.
You can wear up to eight rings at the same time.
Your skin changes colour to match your surroundings (Stealth+).
Your rubbery body absorbs attacks. (AC +1, EV +1)
((You are camouflaged when in or above water. (Stealth+)))
You have tentacles for arms and can constrict up to eight enemies at once.


Message History

You hit the scorpion. Your grab misses the scorpion.
The scorpion is moderately wounded.
You feel very sick. The scorpion closely misses you.
The orc closely misses you.
The orc hits you from afar with a +0 trident.
Unknown command.
You feel sick. The orc wizard misses you. The orc barely misses you.
The orc closely misses you.
You feel sick. The scorpion stings you!
* * * LOW HITPOINT WARNING * * *
You are lethally poisoned!
The scorpion poisons you!
The orc wizard gestures wildly while chanting.
The orc wizard flickers and vanishes!
Deactivating autopickup; reactivate with Ctrl-A.
The orc misses you.
* * * LOW HITPOINT WARNING * * *
You feel very sick.
It was a potion of heal wounds.
You feel much better.
You feel very sick. The scorpion stings you.
The orc hits you with a +0 trident. The scorpion stings you.
You are more poisoned.
The scorpion poisons you!
You feel yourself speed up.
You feel very sick. The scorpion stings you.
You are more poisoned.
The scorpion poisons you! The orc completely misses you.
* * * LOW HITPOINT WARNING * * *
You feel very sick. The orc hits you with a +0 trident!
* * * LOW HITPOINT WARNING * * *
You hit the scorpion. Your grab misses the scorpion.
Your squeeze misses the scorpion.
The scorpion is moderately wounded.
* * * LOW HITPOINT WARNING * * *
You feel very sick.
Unknown command.
You die...

.#...##..## ###......##
...........##.........#
......... ..........f.#
........# #........<.#
......s.####..........#
.......s#.............#
......).........oos{..#
........#####.........#
........# #...@.....#
.....$..# #.........#
........# #.........#
........# ###########
........# .......##


You could see a wandering mushroom, a scorpion and 2 orcs.

Vanquished Creatures
  A black bear (D:2)
  An orc priest (D:4)
  A howler monkey skeleton (D:4)
  4 adders (D:2)
  2 adder skeletons (D:4)
  2 worms
  A dart slug (D:3)
  6 orcs
  A ball python (D:1)
  6 endoplasms
  5 giant cockroaches
  7 goblins
  3 hobgoblins (D:1)
  A quokka (D:2)
  6 bats
  4 frilled lizards
  2 kobolds
  10 rats
63 creatures vanquished.

Notes
Turn   | Place    | Note
-------+----------+-------------------------------------------
     0 | D:5      | Descartes the Octopode Delver began the quest for the Orb.
     0 | D:5      | Reached XP level 1. HP: 16/16 MP: 1/1
     8 | D:5      | Found a basalt altar of Yredelemnul.
    61 | D:5      | Found a hide-covered altar of Uskayaw.
    68 | D:5      | Noticed an ogre
    81 | D:4      | Reached XP level 2. HP: 15/21 MP: 2/2
   157 | D:3      | Found a sparkling altar of Nemelex Xobeh.
   317 | D:3      | Reached skill level 7 in Stealth
   360 | D:3      | Found a sacrificial altar of Ru.
   369 | D:3      | Reached XP level 3. HP: 26/26 MP: 3/3
   826 | D:3      | Found a stormy altar of Qazlal.
  1200 | D:2      | Reached XP level 4. HP: 7/31 MP: 4/4
  1205 | D:1      | Found a faded altar of an unknown god.
  2193 | D:2      | Noticed a black bear
  2200 | D:2      | Killed a black bear
  2201 | D:2      | Reached XP level 5. HP: 15/36 MP: 5/5
  2403 | D:2      | Reached skill level 8 in Stealth
  2600 | D:1      | Prayed at the altar of an unknown god.
  2600 | D:1      | Became a worshipper of Fedhas Madash
  2600 | D:1      | Reached * piety under Fedhas
  2601 | D:1      | Fell from the grace of Fedhas
  3029 | D:4      | Noticed a necrophage
  3236 | D:4      | Reached XP level 6. HP: 24/42 MP: 6/6
  3295 | D:3      | Noticed an oklob plant
  3295 | D:3      | Noticed a wandering mushroom
  3295 | D:3      | Noticed a wandering mushroom
  3295 | D:3      | Noticed a wandering mushroom
  3300 | D:4      | HP: 2/42 [poisoned by a scorpion]
  3305 | D:4      | Succumbed to a scorpion's poison

Illustrated notes

Levels and vault maps discovered:
D:1:      psy_arrival_basics, layout_rooms, hellmonk_ecumenical_altar_lost_god
D:2:      layout_basic
D:3:      layout_loops_ring, nicolae_ru_awakened_eye,
          nicolae_overflow_crystal_walls, nicolae_qazlal_eye_of_the_storm
D:4:      layout_rooms, uniq_crazy_yiuf_cottage, uniq_grinder
D:5:      layout_rooms, nicolae_uskayaw_suspiria, old_standard_altar,
          makhleb_heckhound_becter, minmay_temple_entry_slanted

Skill      XL: |  1  2  3  4  5 |
---------------+----------------+-----
Stealth        | 7 8 |  8.2
Short Blades   | 3 |  3.9
Dodging        | 3 |  3.9
Fighting       | |  3.0

Action                   |  1- 3 |  4- 6 || total
-------------------------+-------+-------++-------
Melee: Short sword       |    47 |    77 ||   124
       Constrict         |    11 |    16 ||    27
       Tentacles         |     7 |    10 ||    17
Invok: Renounce Religion |       |     1 ||     1
  Use: Potion            |       |     2 ||     2
 Stab: Sleeping          |     8 |    18 ||    26
Armor: Skin              |     6 |     5 ||    11
Dodge: Dodged            |    18 |    57 ||    75
